 Dungeon Crawl Stone Soup version 0.22.1-2-g9c5b331383 (webtiles) character file.

10533 Jerry the Grappler (level 11, -1/163 HPs)
             Began as a Troll Berserker on Nov 27, 2018.
             Was an Elder of Trog.
             Slain by a 14-headed hydra (17 damage)
             ... on level 12 of the Dungeon.
             The game lasted 00:26:54 (9344 turns).

Jerry the Grappler (Troll Berserker)                Turns: 9344, Time: 00:26:55

Health: -1/163     AC:  7    Str: 40    XL:     11   Next: 37%
Magic:  10/10      EV: 12    Int:  5    God:    Trog [****..]
Gold:   382        SH:  0    Dex: 10    Spells: 10/10 levels left

rFire    . . .     SeeInvis .     - Unarmed
rCold    . . .     Gourm    +   (no shield)
rNeg     . . .     Faith    .   B - +2 robe {MR+}
rPois    .         Spirit   .   (helmet restricted)
rElec    .         Reflect  .   q - scarf {repulsion}
rCorr    .         Harm     .   (gloves unavailable)
MR       +....                  (boots unavailable)
Stlth    ..........             v - amulet of the acrobat
HPRegen  0.77/turn              h - +3 ring of strength
MPRegen  0.12/turn              t - +5 ring of strength

@: berserking, repel missiles, very quick
A: large, unfitting armour, claws 3, fast metabolism 3, gourmand, regeneration
1, shaggy fur 1, tough skin 2
a: Berserk, Trog's Hand, Brothers in Arms, Renounce Religion


You were on level 12 of the Dungeon.
You worshipped Trog.
Trog was greatly pleased with you.
You were very full.

You visited 2 branches of the dungeon, and saw 13 of its levels.

You collected 674 gold pieces.
You spent 292 gold pieces at shops.

Inventory:

Hand Weapons
 o - a +0 giant spiked club
 y - a +2 mace of venom
Armour
 i - a +1 cloak
 q - a scarf of repulsion (worn)
 B - a +2 robe of magic resistance (worn)
Jewellery
 h - a +3 ring of strength (left claw)
 t - a +5 ring of strength (right claw)
 v - an amulet of the acrobat (around neck)
 C - an uncursed ring of magical power
Wands
 w - a wand of iceblast (13)
Scrolls
 a - a scroll of fear {unknown}
 c - 7 scrolls of identify
 g - 2 scrolls of teleportation
 m - 3 scrolls of magic mapping
 r - a scroll of enchant weapon
 u - 4 scrolls of remove curse
 x - 5 scrolls of enchant armour
 E - a scroll of amnesia {unknown}
Potions
 d - 2 potions of berserk rage
 e - 8 potions of curing
 f - 3 potions of haste
 j - a potion of flight
 k - 4 potions of agility {unknown}
 l - a potion of might {unknown}
 p - 3 potions of brilliance {unknown}
 s - 2 potions of heal wounds {unknown}
 z - a potion of cancellation {unknown}
 A - 2 potions of resistance {unknown}
Miscellaneous
 n - a lamp of fire
Comestibles
 b - 21 rations
 D - 9 chunks of flesh


   Skills:
 + Level 7.2 Fighting
 + Level 7.2 Dodging
 + Level 5.1 Stealth
 * Level 11.7 Unarmed Combat


You had 10 spell levels left.
You didn't know any spells.
Your spell library was empty.

Dungeon Overview and Level Annotations

Branches:
Dungeon (12/15)            Temple (1/1) D:5            Lair (0/6) D:11
    Orc (0/2) D:9

Altars:
Ashenzari
Cheibriados
Dithmenos
Elyvilon
Fedhas
Gozag
Hepliaklqana
Kikubaaqudgha
Makhleb
Nemelex Xobeh
Okawaru
Qazlal
Ru
Sif Muna
Trog
Uskayaw
Vehumet
Wu Jian
Xom
Yredelemnul
Zin
The Shining One
Lugonu

Shops:
D:10 [[[=   D:11 =


Innate Abilities, Weirdness & Mutations

You are too large for most types of armour.
You have claws for hands.
Your metabolism is lightning-fast.
You like to eat raw meat.
Your natural rate of healing is unusually fast.
You are covered in fur. (AC +1)
You have very tough skin. (AC +2)


Message History

The 11-headed hydra bites you!
* * * LOW HITPOINT WARNING * * *
The 11-headed hydra bites you.
* * * LOW HITPOINT WARNING * * *
You claw one of the 11-headed hydra's heads off!
The ten-headed hydra grows two more!
You claw the 12-headed hydra!
The 12-headed hydra is almost dead.
You tear one of the 12-headed hydra's heads off!
The 11-headed hydra grows two more!
You claw the 13-headed hydra!
The 13-headed hydra is almost dead.
You tear one of the 13-headed hydra's heads off!
The 12-headed hydra grows two more!
You claw the 14-headed hydra!
The 14-headed hydra is almost dead.
The 14-headed hydra bites you but does no damage.
The 14-headed hydra bites you.
* * * LOW HITPOINT WARNING * * *
The 14-headed hydra bites you.
* * * LOW HITPOINT WARNING * * *
The 14-headed hydra bites you!
You die...

....#### #########
)).....########.......#
<##)##...........####.#
....)....##......####.#
....##.#.##........##.##
.##.# .# ..............#
.......# ##......W.....#
(.#.##.. ........#.###.#
..#.# ## #######@#..# .#
..#.# #D##}# .# .....
#.# W# ># ..#. #.. ..
### .##


You could see a 14-headed hydra and a shadow.

Vanquished Creatures
  A hydra (D:11)
  Erolcha (D:10)
  2 two-headed ogres (D:9)
  A skeletal warrior (D:12)
  An ugly thing (D:11)
  A troll (D:12)
  4 hippogriffs
  A human (D:7)
  4 hogs (D:7)
  2 wargs (D:11)
  An acid dragon (D:11)
  2 sky beasts
  A black bear (D:11)
  A phantom (D:10)
  8 orc warriors
  2 eyes of draining
  3 ice beasts
  2 necrophages
  2 centaurs
  6 ogres
  A big kobold (D:8)
  3 bullfrogs
  2 scorpions (D:7)
  6 killer bees (D:10)
  A howler monkey (D:4)
  3 crimson imps
  7 orc priests
  4 hounds
  3 jellies
  6 orc wizards
  3 bullfrog skeletons
  Ijyb (D:4)
  8 worker ants
  2 iguanas
  5 hound skeletons
  A worker ant zombie (D:5)
  Robin (D:3)
  4 gnolls (D:5)
  7 adders
  7 shadow imps
  2 oozes
  An adder zombie (D:8)
  3 worms
  4 dart slugs
  5 leopard geckos
  31 orcs
  7 bats
  6 giant cockroaches
  13 goblins
  10 hobgoblins
  5 jackals
  4 quokkas
  2 ball pythons
  2 ball python skeletons (D:4)
  7 frilled lizards
  A jackal skeleton (D:5)
  10 kobolds
  8 rats
242 creatures vanquished.

Vanquished Creatures (collateral kills)
  A skeletal warrior (D:12)
  A centaur skeleton (D:12)
  3 centaurs (D:12)
  A worker ant (D:11)
  3 orcs (D:12)
9 creatures vanquished.

Grand Total: 251 creatures vanquished

Notes
Turn   | Place    | Note
-------+----------+-------------------------------------------
     0 | D:1      | Jerry the Troll Berserker began the quest for the Orb.
     0 | D:1      | Reached XP level 1. HP: 22/22 MP: 0/0
   106 | D:1      | Reached XP level 2. HP: 22/29 MP: 1/1
   629 | D:1      | Reached XP level 3. HP: 36/36 MP: 2/2
   999 | D:2      | Reached ** piety under Trog
  1725 | D:3      | Reached XP level 4. HP: 44/44 MP: 3/3
  2006 | D:3      | Reached skill level 4 in Unarmed Combat
  2013 | D:3      | Reached skill level 1 in Stealth
  2081 | D:3      | Noticed Robin
  2147 | D:3      | Killed Robin
  2147 | D:3      | Reached XP level 5. HP: 45/53 MP: 4/4
  2335 | D:3      | Reached *** piety under Trog
  2573 | D:4      | Noticed an ogre
  2581 | D:4      | Killed an ogre
  2581 | D:4      | Reached skill level 5 in Unarmed Combat
  2581 | D:4      | Reached XP level 6. HP: 61/61 MP: 5/5
  2756 | D:4      | Noticed Ijyb
  2761 | D:4      | Killed Ijyb
  2773 | D:4      | Reached XP level 7. HP: 52/67 MP: 6/6
  2832 | D:4      | Found a sacrificial altar of Ru.
  2858 | D:4      | Found an opulent altar of Gozag.
  3100 | D:4      | Reached skill level 6 in Unarmed Combat
  3283 | D:4      | Found a blossoming altar of Fedhas.
  3283 | D:4      | Found a glowing golden altar of the Shining One.
  3583 | D:5      | Entered Level 5 of the Dungeon
  3664 | D:5      | Found a staircase to the Ecumenical Temple.
  3669 | Temple   | Entered the Ecumenical Temple
  3755 | D:5      | Reached XP level 8. HP: 75/78 MP: 7/7
  3846 | D:5      | Found a snail-covered altar of Cheibriados.
  3926 | D:5      | Received a gift from Trog
  4238 | D:6      | Reached skill level 7 in Unarmed Combat
  4713 | D:7      | Reached **** piety under Trog
  4986 | D:7      | Found a shadowy altar of Dithmenos.
  5173 | D:7      | Reached skill level 5 in Fighting
  5173 | D:7      | Reached skill level 5 in Dodging
  5173 | D:7      | Reached skill level 8 in Unarmed Combat
  5173 | D:7      | Reached XP level 9. HP: 85/88 MP: 8/8
  5865 | D:8      | Found an ornate altar of the Wu Jian Council.
  5867 | D:8      | Found a hide-covered altar of Uskayaw.
  5957 | D:8      | Reached skill level 9 in Unarmed Combat
  6414 | D:9      | Found a staircase to the Orcish Mines.
  6428 | D:9      | Received a gift from Trog
  6519 | D:9      | Noticed a two-headed ogre
  6531 | D:9      | Killed a two-headed ogre
  6531 | D:9      | Reached XP level 10. HP: 73/98 MP: 9/9
  6780 | D:9      | Found a glowing silver altar of Zin.
  6830 | D:9      | Noticed a two-headed ogre
  6840 | D:9      | Killed a two-headed ogre
  6840 | D:9      | Reached skill level 10 in Unarmed Combat
  7100 | D:9      | Found a stormy altar of Qazlal.
  7107 | D:9      | Found a deep blue altar of Sif Muna.
  7114 | D:9      | Found a hazy altar of Hepliaklqana.
  7121 | D:9      | Found an iron altar of Okawaru.
  7128 | D:9      | Found a bloodstained altar of Trog.
  7135 | D:9      | Found a shimmering altar of Xom.
  7140 | D:9      | Found an opulent altar of Gozag.
  7302 | D:10     | Entered Level 10 of the Dungeon
  7390 | D:10     | Found Vocvi's Antique Armour Boutique.
  7409 | D:10     | Bought a runed robe for 99 gold pieces
  7450 | D:10     | Found Qyll's Antique Armour Shoppe.
  7456 | D:10     | Bought a sheer robe for 193 gold pieces
  7456 | D:10     | Found the sheer robe
  7456 | D:10     | Identified the cursed -5 robe of Misfortune {-Cast *Contam
                  | *Tele *Drain EV-5 Stlth-- *Curse} (You bought it in a shop
                  | on level 10 of the Dungeon)
  7460 | D:10     | Found Womany's Jewellery Boutique.
  7492 | D:10     | Noticed Erolcha
  7502 | D:10     | Killed Erolcha
  7995 | D:10     | Found Hekhlaf's Antique Armour Shop.
  8426 | D:11     | Found Mosuboaq's Jewellery Emporium.
  8499 | D:11     | Reached skill level 11 in Unarmed Combat
  8563 | D:11     | Reached ***** piety under Trog
  8671 | D:11     | Noticed a purple ugly thing
  8680 | D:11     | Noticed a six-headed hydra
  8764 | D:11     | Reached XP level 11. HP: 107/107 MP: 10/10
  8778 | D:11     | Killed a purple ugly thing
  8784 | D:11     | Killed a ten-headed hydra
  8918 | D:11     | Found a staircase to the Lair.
  9079 | D:12     | Noticed a skeletal warrior
  9081 | D:12     | Noticed a skeletal warrior
  9082 | D:12     | Noticed a skeletal warrior
  9092 | D:12     | Killed a skeletal warrior
  9094 | D:12     | Killed a skeletal warrior
  9094 | D:12     | Reached skill level 5 in Stealth
  9226 | D:12     | Noticed a two-headed ogre
  9227 | D:12     | Noticed an ogre mage
  9227 | D:12     | Noticed a two-headed ogre
  9227 | D:12     | Noticed a two-headed ogre
  9228 | D:12     | Noticed a two-headed ogre
  9228 | D:12     | Noticed a two-headed ogre
  9327 | D:12     | Noticed a five-headed hydra
  9344 | D:12     | Slain by a 14-headed hydra

Skill      XL: |  1  2  3  4  5  6  7  8  9 10 11 |
---------------+----------------------------------+-----
Unarmed Combat | 4 5 6 8 9 11 | 11.7
Stealth        | 1 2 3 4 5 |  5.1
Fighting       | 3 4 5 6 7 |  7.2
Dodging        | 3 4 5 6 7 |  7.2

Action                   |  1- 3 |  4- 6 |  7- 9 | 10-12 || total
-------------------------+-------+-------+-------+-------++-------
Melee: Unarmed           |   109 |   132 |   285 |   216 ||   742
       Punch             |     1 |       |     9 |    11 ||    21
Invok: Berserk           |       |     2 |     3 |     6 ||    11
       Brothers in Arms  |       |       |       |     4 ||     4
       Trog's Hand       |       |       |       |     3 ||     3
  Use: Scroll            |       |     1 |    12 |     2 ||    15
 Stab: Sleeping          |     1 |     1 |     8 |     3 ||    13
       Distracted        |       |       |     1 |     1 ||     2
  Eat: Chunk             |    21 |    12 |    36 |    34 ||   103
Armor: Animal skin       |    33 |    37 |    69 |     6 ||   145
       Robe              |       |       |       |    42 ||    42
Dodge: Dodged            |    41 |    48 |   143 |   157 ||   389
       Deflected         |       |       |     1 |     4 ||     5
